[ AOE2 MATCH · #506293982 ]
UnrankedGeorgians vs Maya
Player's team · LOSS
Rival team · WIN
[ REPLAY ANALYSIS · EXTRACTED FROM THE RECORDED GAME ]
Feudal
9:32
Castle
21:00
Imperial
—
| APM avg | 52.7 |
| APM peak | 100 |
| eAPM avg | 22.5 |
| Villagers / military | 101 / 31 |
Focus
⚔️ 43.5% · 🌾 56.5%
Knight ×9 · Archer ×7 · Mangonel ×7 · Skirmisher ×3 · Monk ×2 · Monaspa ×2
Feudal
12:45
Castle
21:31
Imperial
—
| APM avg | 60.0 |
| APM peak | 98 |
| eAPM avg | 27.0 |
| Villagers / military | 105 / 107 |
Focus
⚔️ 51.8% · 🌾 48.2%
Archer ×72 · Eagle Scout ×14 · Monk ×9 · Militia ×6 · Mangonel ×6
Match map
Initial resources + every placement click. Lines = walls · curves = elevation contours. ◆ gold · ⬟ stone · ● berries · ✦ relic · ◌ wall gap
Your base· ✓ Closed at 21:00 · 46t walls · 1 gate(s)
DS_Biry's base· ✓ Closed at 21:31 · 44t walls · 1 gate(s)
Smoothed initial terrain · ◌ = detected wall gap · hover for details
Inputs per minute
— Ghosty - - DS_Biry
Build order — Ghosty
First 150 of 220 actions detected
| 0:01 | Create | Villager (Male) ×4 |
| 0:02 | Build | House |
| 0:03 | Build | House |
| 1:26 | Create | Villager (Male) |
| 1:59 | Create | Villager (Male) |
| 2:18 | Create | Villager (Male) |
| 2:45 | Create | Villager (Male) |
| 3:03 | Create | Villager (Male) |
| 3:43 | Create | Villager (Male) |
| 3:53 | Build | House |
| 4:09 | Build | Palisade Wall |
| 4:10 | Build | Palisade Wall |
| 4:12 | Build | Palisade Wall |
| 4:14 | Create | Villager (Male) |
| 4:20 | Create | Villager (Male) |
| 4:34 | Research | Loom |
| 4:42 | Build | House |
| 5:12 | Create | Villager (Male) |
| 5:12 | Create | Villager (Male) |
| 5:17 | Create | Villager (Male) |
| 5:29 | Build | House |
| 5:40 | Build | Mill |
| 5:57 | Create | Villager (Male) |
| 6:09 | Build | Palisade Wall |
| 6:12 | Build | Palisade Wall |
| 6:29 | Build | Palisade Wall |
| 6:31 | Build | Palisade Wall |
| 6:33 | Create | Villager (Male) |
| 6:40 | Build | Palisade Wall |
| 6:41 | Build | Palisade Wall |
| 6:44 | Build | Palisade Wall |
| 6:49 | Build | Palisade Wall |
| 7:18 | Build | Palisade Wall |
| 7:22 | Research | Feudal Age |
| 7:22 | Research | Feudal Age |
| 7:39 | Build | Palisade Wall |
| 7:41 | Build | Palisade Wall |
| 7:43 | Build | House |
| 7:56 | Create | Villager (Male) |
| 7:57 | Create | Villager (Male) |
| 8:27 | Build | Mule Cart |
| 9:02 | Build | Palisade Wall |
| 9:03 | Build | Palisade Wall |
| 9:04 | Build | Palisade Wall |
| 9:31 | Build | Barracks |
| 9:32 | Age | Feudal Age |
| 9:58 | Research | Double-Bit Axe |
| 9:58 | Create | Villager (Male) |
| 10:08 | Build | House |
| 10:13 | Create | Villager (Male) |
| 10:14 | Create | Villager (Male) |
| 10:14 | Create | Villager (Male) |
| 10:24 | Build | Palisade Wall |
| 10:50 | Build | Archery Range |
| 11:11 | Build | House |
| 11:15 | Create | Villager (Male) |
| 11:19 | Create | Archer |
| 11:20 | Create | Spearman |
| 11:28 | Create | Archer |
| 11:29 | Create | Villager (Male) |
| 11:47 | Build | House |
| 11:52 | Create | Archer |
| 12:22 | Build | Farm |
| 12:38 | Create | Villager (Male) |
| 12:51 | Build | Blacksmith |
| 12:55 | Create | Villager (Male) |
| 13:05 | Build | Farm |
| 13:12 | Create | Archer |
| 13:19 | Build | House |
| 13:28 | Build | Farm |
| 13:30 | Create | Villager (Male) |
| 13:31 | Create | Villager (Male) |
| 13:33 | Build | Farm |
| 13:39 | Build | Palisade Gate |
| 13:40 | Build | Palisade Wall |
| 13:47 | Build | Farm |
| 13:56 | Create | Archer |
| 13:56 | Create | Archer |
| 14:00 | Build | Farm |
| 14:05 | Create | Villager (Male) |
| 14:12 | Build | House |
| 14:19 | Build | Palisade Wall |
| 14:29 | Create | Villager (Male) |
| 14:46 | Build | Farm |
| 14:54 | Build | Market |
| 14:57 | Create | Villager (Male) |
| 14:59 | Build | House |
| 15:00 | Build | Palisade Wall |
| 15:03 | Build | Farm |
| 15:15 | Create | Villager (Male) |
| 15:20 | Build | Palisade Wall |
| 15:54 | Create | Villager (Male) |
| 16:01 | Create | Archer |
| 16:02 | Create | Villager (Male) |
| 16:06 | Build | Farm |
| 16:07 | Build | Farm |
| 16:28 | Create | Villager (Male) |
| 16:51 | Create | Villager (Male) |
| 17:11 | Create | Villager (Male) |
| 18:06 | Build | Palisade Wall |
| 18:20 | Research | Castle Age |
| 18:33 | Build | House |
| 18:37 | Build | House |
| 18:46 | Build | Stable |
| 18:51 | Build | Farm |
| 18:55 | Research | Horse Collar |
| 19:00 | Build | House |
| 19:15 | Build | House |
| 19:30 | Research | Fletching |
| 19:39 | Build | Farm |
| 19:51 | Build | Watch Tower |
| 20:17 | Create | Skirmisher |
| 20:17 | Create | Skirmisher |
| 20:32 | Build | House |
| 20:50 | Create | Skirmisher |
| 20:58 | Research | Scale Barding Armor |
| 21:00 | Age | Castle Age |
| 21:02 | Create | Knight |
| 21:03 | Create | Knight |
| 21:03 | Create | Knight |
| 21:07 | Build | Monastery |
| 21:21 | Build | Farm |
| 21:21 | Create | Villager (Male) |
| 21:38 | Create | Villager (Male) |
| 22:22 | Build | House |
| 22:30 | Create | Villager (Male) |
| 22:44 | Create | Villager (Male) |
| 22:47 | Create | Knight |
| 22:47 | Create | Knight |
| 23:14 | Create | Villager (Male) |
| 23:21 | Build | Farm |
| 23:37 | Build | Palisade Wall |
| 23:41 | Create | Villager (Male) |
| 23:52 | Create | Villager (Male) |
| 23:56 | Build | Town Center |
| 24:01 | Create | Knight |
| 24:01 | Create | Knight |
| 24:07 | Create | Villager (Male) |
| 24:13 | Create | Villager (Male) |
| 24:19 | Create | Villager (Male) |
| 24:46 | Create | Villager (Male) |
| 24:46 | Create | Villager (Male) |
| 25:10 | Build | Siege Workshop |
| 25:19 | Create | Villager (Male) |
| 25:29 | Create | Knight |
| 25:30 | Create | Knight |
| 25:49 | Create | Mangonel |
| 25:55 | Create | Villager (Male) |
| 26:01 | Create | Villager (Male) |
| 26:18 | Build | Town Center |
Build order — DS_Biry
First 150 of 344 actions detected
| 0:02 | Research | Loom |
| 0:02 | Research | Loom |
| 0:04 | Build | House |
| 0:05 | Build | House |
| 0:22 | Create | Villager (Male) |
| 0:23 | Create | Villager (Male) |
| 0:23 | Create | Villager (Male) |
| 0:23 | Create | Villager (Male) |
| 1:30 | Create | Villager (Male) |
| 2:07 | Create | Villager (Male) |
| 2:07 | Create | Villager (Male) |
| 2:31 | Create | Villager (Male) |
| 2:31 | Create | Villager (Male) |
| 2:59 | Create | Villager (Male) |
| 2:59 | Create | Villager (Male) |
| 3:17 | Create | Villager (Male) |
| 3:17 | Create | Villager (Male) |
| 3:17 | Create | Villager (Male) |
| 3:36 | Build | House |
| 3:44 | Create | Villager (Male) |
| 3:45 | Create | Villager (Male) |
| 3:45 | Create | Villager (Male) |
| 4:26 | Build | Barracks |
| 4:32 | Create | Villager (Male) |
| 4:33 | Create | Villager (Male) |
| 5:00 | Create | Villager (Male) |
| 5:01 | Create | Villager (Male) |
| 5:11 | Build | House |
| 5:22 | Create | Villager (Male) |
| 5:23 | Create | Militia |
| 5:38 | Create | Militia |
| 5:38 | Create | Militia |
| 5:47 | Create | Villager (Male) |
| 6:01 | Create | Militia |
| 6:03 | Create | Villager (Male) |
| 6:03 | Create | Villager (Male) |
| 6:16 | Build | Palisade Wall |
| 6:21 | Build | Palisade Wall |
| 6:24 | Build | Palisade Wall |
| 6:26 | Create | Villager (Male) |
| 6:41 | Build | House |
| 7:00 | Create | Villager (Male) |
| 7:04 | Build | Mill |
| 7:21 | Create | Militia |
| 7:32 | Create | Militia |
| 7:37 | Create | Villager (Male) |
| 7:38 | Create | Villager (Male) |
| 7:56 | Create | Villager (Male) |
| 7:59 | Build | Lumber Camp |
| 8:15 | Create | Villager (Male) |
| 8:31 | Build | House |
| 8:45 | Create | Villager (Male) |
| 8:59 | Create | Villager (Male) |
| 9:36 | Create | Villager (Male) |
| 9:44 | Create | Villager (Male) |
| 9:47 | Build | House |
| 9:53 | Build | Farm |
| 10:03 | Build | Palisade Wall |
| 10:11 | Create | Villager (Male) |
| 10:33 | Build | Palisade Wall |
| 10:35 | Research | Feudal Age |
| 10:35 | Research | Feudal Age |
| 11:17 | Build | Palisade Wall |
| 11:44 | Build | House |
| 11:55 | Build | Mining Camp |
| 12:45 | Age | Feudal Age |
| 12:50 | Create | Villager (Male) |
| 12:53 | Build | Archery Range |
| 13:07 | Create | Villager (Male) |
| 13:10 | Build | Blacksmith |
| 13:17 | Build | Farm |
| 13:31 | Create | Villager (Male) |
| 13:34 | Build | Palisade Wall |
| 13:34 | Build | Palisade Wall |
| 13:35 | Build | Palisade Wall |
| 13:35 | Build | Palisade Wall |
| 13:37 | Create | Archer |
| 13:40 | Build | House |
| 13:43 | Create | Eagle Scout |
| 13:47 | Create | Villager (Male) |
| 13:50 | Build | Farm |
| 13:54 | Build | Palisade Gate |
| 14:05 | Create | Villager (Male) |
| 14:18 | Create | Villager (Male) |
| 14:30 | Create | Archer |
| 14:36 | Research | Double-Bit Axe |
| 14:48 | Research | Fletching |
| 14:48 | Research | Fletching |
| 14:49 | Create | Villager (Male) |
| 14:51 | Create | Archer |
| 14:51 | Create | Archer |
| 15:03 | Create | Villager (Male) |
| 15:06 | Build | Farm |
| 15:07 | Build | Farm |
| 15:08 | Build | Farm |
| 15:28 | Create | Villager (Male) |
| 15:31 | Create | Archer |
| 15:33 | Build | Farm |
| 15:46 | Create | Villager (Male) |
| 16:00 | Create | Archer |
| 16:05 | Create | Eagle Scout |
| 16:09 | Build | Farm |
| 16:10 | Build | Farm |
| 16:14 | Create | Archer |
| 16:20 | Create | Villager (Male) |
| 16:22 | Build | Farm |
| 16:29 | Research | Padded Archer Armor |
| 16:30 | Research | Padded Archer Armor |
| 16:31 | Create | Eagle Scout |
| 16:51 | Build | Market |
| 16:58 | Create | Villager (Male) |
| 16:58 | Create | Archer |
| 17:02 | Build | House |
| 17:15 | Create | Archer |
| 17:20 | Create | Villager (Male) |
| 17:22 | Build | Farm |
| 17:36 | Create | Archer |
| 18:01 | Create | Villager (Male) |
| 18:03 | Build | Farm |
| 18:21 | Build | Mining Camp |
| 18:37 | Build | Lumber Camp |
| 18:46 | Build | House |
| 18:51 | Research | Castle Age |
| 19:13 | Build | Archery Range |
| 19:15 | Create | Archer |
| 19:16 | Create | Archer |
| 19:28 | Build | House |
| 19:29 | Build | House |
| 19:49 | Create | Archer |
| 20:13 | Create | Archer |
| 20:13 | Create | Archer |
| 20:15 | Build | House |
| 20:27 | Create | Archer |
| 20:44 | Create | Archer |
| 20:47 | Build | House |
| 20:58 | Create | Archer |
| 20:58 | Create | Archer |
| 21:00 | Create | Villager (Male) |
| 21:21 | Build | Archery Range |
| 21:31 | Age | Castle Age |
| 21:35 | Research | Crossbowman (upgrade) |
| 21:36 | Research | Bow Saw |
| 21:37 | Research | Bow Saw |
| 21:42 | Build | Monastery |
| 22:16 | Create | Villager (Male) |
| 22:16 | Create | Villager (Male) |
| 22:20 | Build | Town Center |
| 22:34 | Create | Monk |
| 22:37 | Create | Villager (Male) |
| 22:40 | Build | University |
Match timeline
| 4:09 | Ghosty · wall_segment Palisade Wall x1 |
| 4:10 | Ghosty · wall_segment Palisade Wall x1 |
| 4:12 | Ghosty · wall_segment Palisade Wall x1 |
| 4:26 | DS_Biry · first_building Barracks |
| 6:09 | Ghosty · wall_segment Palisade Wall x7 |
| 6:12 | Ghosty · wall_segment Palisade Wall x2 |
| 6:16 | DS_Biry · wall_segment Palisade Wall x1 |
| 6:21 | DS_Biry · wall_segment Palisade Wall x1 |
| 6:24 | DS_Biry · wall_segment Palisade Wall x1 |
| 6:29 | Ghosty · wall_segment Palisade Wall x1 |
| 6:31 | Ghosty · wall_segment Palisade Wall x1 |
| 6:40 | Ghosty · wall_segment Palisade Wall x1 |
| 6:41 | Ghosty · wall_segment Palisade Wall x1 |
| 6:44 | Ghosty · wall_segment Palisade Wall x1 |
| 6:49 | Ghosty · wall_segment Palisade Wall x1 |
| 7:18 | Ghosty · wall_segment Palisade Wall x7 |
| 7:39 | Ghosty · wall_segment Palisade Wall x1 |
| 7:41 | Ghosty · wall_segment Palisade Wall x1 |
| 9:02 | Ghosty · wall_segment Palisade Wall x1 |
| 9:03 | Ghosty · wall_segment Palisade Wall x1 |
| 9:04 | Ghosty · wall_segment Palisade Wall x1 |
| 9:31 | Ghosty · first_building Barracks |
| 9:32 | Ghosty · age_up feudal |
| 10:03 | DS_Biry · wall_segment Palisade Wall x14 |
| 10:24 | Ghosty · wall_segment Palisade Wall x1 |
| 10:33 | DS_Biry · wall_segment Palisade Wall x16 |
| 10:50 | Ghosty · first_building Archery Range |
| 11:17 | DS_Biry · wall_segment Palisade Wall x6 |
| 12:45 | DS_Biry · age_up feudal |
| 12:53 | DS_Biry · first_building Archery Range |
| 13:34 | DS_Biry · wall_segment Palisade Wall x3 |
| 13:34 | DS_Biry · wall_segment Palisade Wall x2 |
| 13:35 | DS_Biry · wall_segment Palisade Wall x1 |
| 13:35 | DS_Biry · wall_segment Palisade Wall x1 |
| 13:40 | Ghosty · wall_segment Palisade Wall x1 |
| 14:19 | Ghosty · wall_segment Palisade Wall x4 |
| 15:00 | Ghosty · wall_segment Palisade Wall x1 |
| 15:20 | Ghosty · wall_segment Palisade Wall x11 |
| 16:48 | Ghosty · first_market_sell 100 wood |
| 16:49 | Ghosty · first_market_buy 100 food |
| 18:06 | Ghosty · wall_segment Palisade Wall x1 |
| 18:07 | DS_Biry · first_market_buy 100 food |
| 18:32 | DS_Biry · first_market_sell 100 stone |
| 18:46 | Ghosty · first_building Stable |
| 21:00 | Ghosty · age_up castle |
| 21:07 | Ghosty · first_building Monastery |
| 21:31 | DS_Biry · age_up castle |
| 21:42 | DS_Biry · first_building Monastery |
| 23:37 | Ghosty · wall_segment Palisade Wall x1 |
| 25:10 | Ghosty · first_building Siege Workshop |
| 28:00 | DS_Biry · first_building Siege Workshop |
| 33:08 | Ghosty · first_building Castle |
| 33:50 | DS_Biry · first_building Castle |
| 35:06 | Ghosty · resign |
[ AI ANALYSIS · 1 CREDIT ]
What really happened in this match?
Wolo.gg analyzes every decision: build order, eco, micro, common mistakes by bracket. Personalized analysis on WhatsApp or Discord in 30 seconds.
Civ guide
Georgians
Perfil
Jugador #24926497